Cogmind - Beta 14 @@@ ROGUE MODE // 2024.10.07 @ 17:22:57 Player: N.W.L Result: Destroyed by LB-G4X(R) with Subdweller Beam Cannon Performance ------------- Evolutions (0) 0 Regions Visited (3) 600 Robots Destroyed (28) 140 Value Destroyed (805) 805 Prototype IDs (11) 220 Alien Tech Used (0) 0 Bonus (0) 0 TOTAL SCORE: 1765 Bonus ------- None Cogmind --------- Core Integrity 0/250 Matter 267/300 Energy 186/250 System Corruption 3% Temperature Cool (9) Movement Treading (160) Location -10/Subcaves Parts ------- > --- POWER (1) -------- Ion Engine > --- PROPULSION (2) --- Light Treads Spiked Treads > --- UTILITY (2) ------ Large Storage Unit Light Armor Plating > --- WEAPON (2) ------- Subdweller Beam Cannon Heavy Battle Rifle > --- INVENTORY (15) --- Light Treads Spiked Treads High-capacity Battery (250) Improved Terrain Scanner Seismic Detector Makeshift Hacking Suite Cobbler Unit Rainbow Chip Subdweller Beam Cannon EMP Blaster Multitool Flamer Enhanced Flamer Makeshift Sword Peak State ------------ > --- POWER ------------ Ion Engine > --- PROPULSION ------- Light Treads Spiked Treads > --- UTILITY ---------- Large Storage Unit Light Armor Plating > --- WEAPON ----------- Enhanced Flamer Makeshift Sword > --- INVENTORY -------- Light Treads Light Treads Spiked Treads High-capacity Battery Improved Terrain Scanner Seismic Detector Makeshift Hacking Suite Cobbler Unit Rainbow Chip Subdweller Beam Cannon Subdweller Beam Cannon EMP Blaster Multitool Flamer [Rating: 17] Favorites ----------- Power Ion Engine Engine Ion Engine Propulsion Light Treads Treads Light Treads Leg Aluminum Leg Utility Large Storage Unit Device Seismic Detector Storage Large Storage Unit Protection Light Armor Plating Weapon EMP Blaster Energy Cannon Subdweller Beam Cannon Ballistic Gun Assault Rifle Launcher EMP Blaster Special Weapon Enhanced Flamer Slashing Weapon Makeshift Sword Build | -11 -10 -10 -10 ------- Run | Yrd Mat Min Sub Slots Evolved . | . . . . Power . | . . . . Propulsion . | . . . . Utility . | . . . . Weapon . | . . . . Parts Attached 32 | . 4 3 25 Power 4 | . . . 4 Engine 4 | . . . 4 Core . | . . . . Reactor . | . . . . Propulsion 4 | . 2 . 2 Treads 4 | . 2 . 2 Leg . | . . . . Wheel . | . . . . Hover . | . . . . Flight . | . . . . Utility 10 | . 2 . 8 Device 3 | . . . 3 Storage 1 | . 1 . . Processor . | . . . . Hackware . | . . . . Protection 6 | . 1 . 5 Artifact . | . . . . Weapon 14 | . . 3 11 Energy Gun . | . . . . Energy Cannon 1 | . . . 1 Ballistic Gun 1 | . . . 1 Ballistic Cannon . | . . . . Launcher 6 | . . 2 4 Special Weapon 3 | . . 1 2 Impact Weapon . | . . . . Slashing Weapon 3 | . . . 3 Piercing Weapon . | . . . . Special Melee Weapon . | . . . . Unidentified Prototypes . | . . . . Parts Lost 3 | . . . 3 Power . | . . . . Propulsion . | . . . . Utility . | . . . . Weapon 3 | . . . 3 Highest Loss Streak 1 | . . . 1 To Critical Strikes . | . . . . Average Slot Usage (%) 99 | . 95 100 99 Engine 14 | . 14 14 14 Treads 27 | . 26 28 28 Device 8 | . . . 11 Storage 14 | . 14 14 14 Protection 4 | . 9 14 2 Ballistic Gun 7 | . 28 26 . Launcher 18 | . . . 25 Slashing Weapon 1 | . . . 1 Peak Build Rating 17 | 6 9 11 17 Average Rating 11 | 6 7 9 12 On Entrance 8 | 6 6 9 11 Naked Turns . | . . . . Heaviest Build 36 | 14 32 36 36 Greatest Support 40 | 20 40 40 40 Greatest Overweight (x) . | . . . . Average Overweight (x) . | . . . . Largest Inventory Capacity 15 | 8 15 15 15 Average Capacity 14 | 8 13 15 15 Most Carried 15 | 6 15 15 15 Average Carried 14 | 6 9 15 14 Final Capacity 15 | 8 15 15 15 Final Carried 15 | 6 15 15 15 Class Distribution -------------------- 100% | Mutant Dominant Class ---------------- Mutant | -10/Materials Mutant | -10/Mines Mutant | -10/Subcaves Resources | -11 -10 -10 -10 ----------- Run | Yrd Mat Min Sub Matter Collected 978 | 200 159 13 606 Remotely . | . . . . Salvage Created 1203 | . 367 . 836 Parts 67 | . 24 . 43 Haulers Intercepted . | . . . . Recyclers Shooed 2 | . 2 . . Parts Field Recycled . | . . . . Retrieved Matter . | . . . . Parts Self-Destructed 8 | . . . 8 Prevented 1 | . . . 1 Kills | -11 -10 -10 -10 ------- Run | Yrd Mat Min Sub Combat Hostiles Destroyed 24 | . 7 . 17 Guns 7 | . 7 . . AOE 14 | . . . 14 Classes Destroyed 6 | . 4 . 2 Tunneler 1 | . 1 . . Recycler 3 | . 3 . . Swarmer 6 | . 6 . . Grunt 3 | . 1 . 2 Sentry 1 | . . . 1 Subdweller 14 | . . . 14 Best Kill Streak 3 | . 3 . 3 Combat Bots Only 3 | . 3 . 3 Max Kills in Single Turn 2 | . 1 . 2 Gunslinging . | . . . . Exploded 2 | . . . 2 Melee . | . . . . Uniques/NPCs Destroyed . | . . . . Combat | -11 -10 -10 -10 -------- Run | Yrd Mat Min Sub Hostile Shots Fired 85 | . 30 . 55 Missed 27 | . 9 . 18 Damage Taken 1107 | . 165 . 942 Core 256 | . 23 . 233 Absorbed by Shields . | . . . . Core Remaining (%) 100 | 100 . . . Volleys Fired 75 | . 22 2 51 Largest 2 | . 2 1 2 Hottest 180 | . 40 100 180 Shots Fired 138 | . 44 2 92 Gun 45 | . 44 . 1 Cannon 1 | . . . 1 Launcher 80 | . . . 80 Special 12 | . . 2 10 Kinetic 45 | . 44 . 1 Thermal 13 | . . 2 11 Explosive . | . . . . Electromagnetic 80 | . . . 80 Robot Hit Streak 12 | . 9 . 12 Robot Miss Streak 4 | . 4 . 1 Penetration Max . | . . . . Secondary Targets . | . . . . Shots Hit Robots 50 | . 23 . 27 Core Hits 48 | . 16 . 32 Critical Kills . | . . . . Critical Parts Destroyed . | . . . . Critical Strikes . | . . . . Melee Attacks 3 | . . . 3 Impact . | . . . . Slashing 3 | . . . 3 Piercing . | . . . . Sneak Attacks . | . . . . Combat Hostiles . | . . . . Follow-up Attacks . | . . . . Damage Inflicted 1756 | . 318 . 1438 Guns 338 | . 318 . 20 Cannons 27 | . . . 27 Explosions 1287 | . . . 1287 Melee . | . . . . Ramming . | . . . . Kinetic 338 | . 318 . 20 Thermal 231 | . . . 231 Explosive . | . . . . Electromagnetic 1187 | . . . 1187 Impact . | . . . . Slashing . | . . . . Piercing . | . . . . Highest Corruption 3 | . . . 3 Average Corruption 1 | . . . 1 Corruption Purged . | . . . . Corruption Blocked . | . . . . Effects 29 | . . . 29 Message Errors 6 | . . . 6 Matter Fused 6 | . . . 6 Heat Flow Errors 2 | . . . 2 Energy Discharges 8 | . . . 8 Data Loss (minor) 4 | . . . 4 Data Loss (major) 1 | . . . 1 Misfires 2 | . . . 2 Overload Shots . | . . . . Overflow Damage . | . . . . Projectiles . | . . . . Explosions . | . . . . Melee . | . . . . Knockbacks . | . . . . Impact . | . . . . Kinetic . | . . . . Secondary . | . . . . Self-Inflicted Damage 136 | . . . 136 Shots 12 | . . . 12 Rammed . | . . . . Targets Rammed . | . . . . Kicked . | . . . . Crushed . | . . . . Highest Temperature 259 | . . 64 259 Average Temperature 61 | . . 35 69 Received Heat Transfer 201 | . . . 201 Siege Activations . | . . . . Robots Corrupted 2 | . . . 2 Combat Hostiles 2 | . . . 2 Parts Fried 11 | . . . 11 Impact Corruptions . | . . . . Robots Melted 1 | . . . 1 Combat Hostiles 1 | . . . 1 Parts Melted . | . . . . Heat Transferred 937 | . . . 937 Parts Sabotaged . | . . . . Parts Stolen . | . . . . Parts Stripped . | . . . . Power Chain Reactions 4 | . . . 4 Alert | -11 -10 -10 -10 ------- Run | Yrd Mat Min Sub Peak Influence 165 | . 165 61 . Initial 61 | . . 61 . Average 85 | . 99 61 . Maximum Alert Level . | . . . . Low Security (%) 100 | 100 100 100 . Level 1 . | . . . . Level 2 . | . . . . Level 3 . | . . . . Level 4 . | . . . . Level 5 . | . . . . High Security . | . . . . Max Security . | . . . . Squads Dispatched 2 | . 2 . . Investigation 1 | . 1 . . Extermination . | . . . . Reinforcement 1 | . 1 . . Assault . | . . . . Garrison . | . . . . Intercept . | . . . . Searches Triggered . | . . . . Construction Impeded . | . . . . Haulers Reinforced . | . . . . Active Scanning Responses . | . . . . Cargo Convoy Interrupts . | . . . . Stealth | -11 -10 -10 -10 --------- Run | Yrd Mat Min Sub Distress Signals 1 | . 1 . . Communications Jammed . | . . . . Distress Signals . | . . . . Times Spotted 32 | . 15 . 17 Peak Tracking Total 4 | . 4 . 3 Tactical Retreats 2 | . 2 . . Traps | -11 -10 -10 -10 ------- Run | Yrd Mat Min Sub Traps Triggered 14 | . 1 . 13 Indirectly 12 | . . . 12 Trap Hack Attempts . | . . . . Triggered . | . . . . Disarmed . | . . . . Reprogrammed . | . . . . Reused . | . . . . Traps Extracted . | . . . . Installed 2 | . . . 2 Triggered . | . . . . Most Traps Carried 1 | . . . 1 Machines | -11 -10 -10 -10 ---------- Run | Yrd Mat Min Sub Machines Disabled 2 | . . . 2 Max in Single Turn 1 | . . . 1 Machines Repaired . | . . . . Machines Dismantled . | . . . . Machines Sabotaged . | . . . . Overloaded Fab Kills . | . . . . Hacking | -11 -10 -10 -10 --------- Run | Yrd Mat Min Sub Machines Accessed 5 | . 2 1 2 Terminals 3 | . 2 1 . Fabricators . | . . . . Repair Stations . | . . . . Recycling Units . | . . . . Scanalyzers . | . . . . Garrison Access . | . . . . Total Hacks 25 | . 10 2 13 Successful 19 | . 6 . 13 Failed 6 | . 4 2 . Catastrophic . | . . . . Database Lockouts . | . . . . Manual 8 | . 6 2 . Terminals 12 | . 10 2 . Fabricators . | . . . . Repair Stations . | . . . . Recycling Units . | . . . . Scanalyzers . | . . . . Garrison Access . | . . . . Terminal Hacks 18 | . 5 . 13 Record 12 | . . . 12 Robot Analysis 4 | . 4 . . Zone Layout 1 | . 1 . . Derelict Proto ID Bank 1 | . . . 1 Fabricator Hacks . | . . . . Repair Station Hacks . | . . . . Recycling Unit Hacks . | . . . . Scanalyzer . | . . . . Garrison Access Hacks . | . . . . Unauthorized Hacks 1 | . 1 . . Terminals 1 | . 1 . . Operators 1 | . 1 . . Fabricators . | . . . . Repair Stations . | . . . . Recycling Units . | . . . . Scanalyzers . | . . . . Garrison Access . | . . . . Data Cores Recovered . | . . . . Used . | . . . . Hacking Detections 3 | . 2 1 . Full Trace Events . | . . . . Feedback Events . | . . . . Feedback Blocked . | . . . . Robot Schematics Acquired . | . . . . Robots Built . | . . . . Authchips . | . . . . Time . | . . . . Total Robot Build Rating . | . . . . Part Schematics Acquired . | . . . . Parts Built . | . . . . Authchips . | . . . . Time . | . . . . Total Part Build Rating . | . . . . Parts Repaired . | . . . . Time . | . . . . Parts Recycled . | . . . . Recycled Matter . | . . . . Retrieved Matter . | . . . . Retrieved Components . | . . . . Parts Scanalyzed . | . . . . Part Schematics Acquired . | . . . . Parts Damaged . | . . . . Bothacking | -11 -10 -10 -10 ------------ Run | Yrd Mat Min Sub Used RIF Installer . | . . . . Robots Hacked . | . . . . Non-combat . | . . . . Combat . | . . . . Robot Hacks Applied . | . . . . Relay Couplers Released . | . . . . Fabnet Peak Effective % . | . . . . Robots Rewired . | . . . . Allies Hacked . | . . . . Hacks Repelled . | . . . . Allies | -11 -10 -10 -10 -------- Run | Yrd Mat Min Sub Total Allies . | . . . . Largest Group . | . . . . Highest-Rated Group . | . . . . Highest-Rated Ally . | . . . . Total Orders . | . . . . Ally Attacks . | . . . . Total Damage . | . . . . Kills . | . . . . Allies Corrupted . | . . . . Allies Melted . | . . . . Intel | -11 -10 -10 -10 ------- Run | Yrd Mat Min Sub Robot Analysis Total 4 | . 4 . . Derelict Logs Recovered 3 | . . 1 2 Drone Launches . | . . . . Drone Recoveries . | . . . . Exploration | -11 -10 -10 -10 ------------- Run | Yrd Mat Min Sub Turns Passed 4229 | 4 676 399 3150 Spaces Moved 2178 | 4 333 154 1687 Core . | . . . . Treads 2155 | . 314 154 1687 Legs 23 | 4 19 . . Wheels . | . . . . Hover . | . . . . Flight . | . . . . Fastest Speed 120 | 120 120 160 160 Average Speed 159 | 120 157 160 160 Slowest Speed 160 | 120 160 160 160 Overloaded Moves . | . . . . Propulsion Burnouts . | . . . . Robots Hopped . | . . . . Cave-ins Triggered . | . . . . Exploration Rate (%) 37 | 2 44 24 78 Regions Visited 3 Branch Regions 2 Pre-discovered Areas 4 | . . 1 3 Known Exits Taken . | . . . . Unknown Exits Taken 3 | 1 1 1 . Scrap Searched 7 | . . . 7 Spaces Dug . | . . . . Terrain Destroyed 4 | . . . 4 Melee . | . . . . Projectile . | . . . . AOE 4 | . . . 4 Terrain Rammed . | . . . . Walls Destroyed . | . . . . Machines Disabled . | . . . . Actions | -11 -10 -10 -10 --------- Run | Yrd Mat Min Sub Total 2780 | 3 442 299 2036 Wait 429 | . 60 141 228 Move 2175 | 3 332 153 1687 Hop . | . . . . Pick Up 36 | . 16 . 20 Fast Attach 4 | . 2 . 2 Attach 4 | . . . 4 Detach . | . . . . Swap 24 | . 2 3 19 Drop 28 | . 8 . 20 Fire 75 | . 22 2 51 Melee 3 | . . . 3 Ram . | . . . . Kick . | . . . . Crush . | . . . . Escape Stasis . | . . . . Rewire . | . . . . Trap 2 | . . . 2 Miscellaneous . | . . . . Route ------- -11/Scrapyard -10/Materials -10/Mines (discovered 2 exits: [*Mat] / *Sub) -10/Subcaves (discovered 2 exits: [*Mat x2]) History --------- Turn | Location | Event 1 | -11/Scrapyard | Discovered new exit (range 0) 5 | -11/Scrapyard | Entered Materials 303 | -10/Materials | Build established: Mutant 626 | -10/Materials | Discovered new exit (range 13) 681 | -10/Materials | Entered Mines 701 | -10/Mines | Discovered new exit (range 5) 878 | -10/Mines | Learned location of Mines (-9) 1070 | -10/Mines | Discovered new exit (range 4) 1080 | -10/Mines | Entered Subcaves 1161 | -10/Subcaves | Learned location of Mines (-10) 1691 | -10/Subcaves | Visited Clippyterm 1695 | -10/Subcaves | Learned location of Extension (-6) 1695 | -10/Subcaves | Learned Factory fabricator intel 2100 | -10/Subcaves | A swath of the cavern ceiling suddenly collapsed 2423 | -10/Subcaves | Discovered new exit (range 12) 2438 | -10/Subcaves | Shifting Twisted Machinery released Enh. Flamer 2454 | -10/Subcaves | Shifting Twisted Machinery released Sub. Beam Cannon 2488 | -10/Subcaves | Shifting Twisted Machinery released Sub. Optics 2782 | -10/Subcaves | Shifting Twisted Machinery released Flamer 3487 | -10/Subcaves | Visited 4L-MR0's lab 3494 | -10/Subcaves | Core integrity fell below 50% 3578 | -10/Subcaves | Found Rainbow Chip 3676 | -10/Subcaves | A swath of the cavern ceiling suddenly collapsed 4012 | -10/Subcaves | Shifting Twisted Machinery released Sub. Optics 4087 | -10/Subcaves | Core integrity fell below 20% 4117 | -10/Subcaves | Discovered new exit (range 7) 4230 | -10/Subcaves | Destroyed by LB-G4X(R) with Subdweller Beam Cannon Last Messages --------------- 04138_ Found Sub. Power Source. 04138_ Found Mak. Hacking Suite. 04138_ Found 53 Matter. 04139_ Acquired 53 matter. 04141_ Acquired Mak. Hacking Suite. 04142_ Searching scrap... 04142_ Found Spk. Treads. 04142_ Found Sub. Machine Gun. 04142_ Found 57 Matter. 04143_ Acquired 2 matter. 04147_ Acquired Spk. Treads. 04150_ Searching scrap... 04150_ Found Hvy. Battle Rifle. 04150_ Found Sub. Power Source. 04150_ Found 65 Matter. 04156_ Dropped Lgt. Treads. 04156_ Acquired Hvy. Battle Rifle. 04164_ AYKDKASMG/1AN|VN L0 NAV 04186_ System corrupted: Heat flow error (+294). 04218_ System corrupted: Energy discharge (-82). Map ----- +----------------------------------------------------+ | ???????????????????????????????????????????? | | ???????????????????????????????????????????? | | ???????????????????????????????????????????? | | ???????????????????????????????????????????? | | ???????????????????????????????????????????? | | ???????????????????????????????????????????? | | ???????????????????????????????????????????? | | ???????????????????????????????????????????? | | ???????????????????????????????????????????? | | ???????????????????????????????????????????? | | ???????????????????????????????????????????? | | ???????????????????????????????????????????? | | ???????????????????????????????????????????? | | ???????????????????????????????????????????? | | ???????????????????????????????????????????? | | ???????????????????????????????????????????? | | ???????????????????????????????????????????? | | ???????????????????????????????????????????? | | ???????????????????????????????????????????? | | ???????????????????????????????????????????? | | ???????????????????????????????????????????? | | ??????????##???????????????????????????????? | | ??????????? ?##???????????????????????????? | | ????????????# #"???????????????????????????? | | ????????????# ?######???????????????????? | | ??????????????#" ##@ #???????????????????? | | ??????????????# R #???????????????????? | | ??????????????### ###?????????????????? | | ????????????????## #?????????????????? | | ?????????????????## ##????????????????? | | ??????????????????## ##???????????????? | | ???????????????????# ####????????????? | | ???????????????????# ##???????????? | | ???????????????????# ##??######### | | ???????????????????## #### ## # | | ????????????????????#### | | ???????????????????????## ###### | | ????????????????????????###????###### #### # | | ????????????????????????????????????###??### | | ???????????????????????????????????????????? | | ???????????????????????????????????????????? | | ???????????????????????????????????????????? | | ???????????????????????????????????????????? | | ???????????????????????????????????????????? | | ???????????????????????????????????????????? | | ???????????????????????????????????????????? | | ???????????????????????????????????????????? | | ???????????????????????????????????????????? | | ???????????????????????????????????????????? | | ???????????????????????????????????????????? | +----------------------------------------------------+ Best States ------------- Heat Dissipation 25 Energy Generation 15 Energy Capacity 250 Matter Stores 300 Matter Capacity 300 Sight Range 16 Terrain Scan Density 10 Armor Coverage 150 Evasion (%) 55 Recoil Reduction 2 Item Schematics ----------------- None Robot Schematics ------------------ None Fabricated ------------ Nothing Alien Tech Used ----------------- None Achievements -------------- None Challenges ------------ None Game ------ Seed IntegratedBladeShockpuncher Manual? 0 Play Time 00:23:34 Cumulative 324.0 hours Start 2024.10.07 @ 16:55:46 End 2024.10.07 @ 17:22:57 Sessions 1 Manual Loads 0 Difficulty Rogue Special Mode None Game No. 159 Rogue 159 Adventurer 0 Explorer 0 Win Type - Total 9 Types 5/1/3/0/0/0/0/0/0 Lore% 82 Gallery% 87 Achievement% 73 Wizard Run 0 Options --------- Layout 0 ASCII 0 Keyboard 0 Movement Mouse Keybinds 0 Fullscreen 2 Font 12/Smallcaps Map View 83x54 Zoom Use 0% Tactical HUD 1 Map Filters NONE Filters NONE Steam 1 RUN: ffb481f9-275b-4e60-bb81-55d41099efa2